[Event "*** Titled Tuesday Blitz"]
[Site "Chess.com"]
[Date "2020.10.20"]
[Round "3"]
[White "FloMasterAAK"]
[Black "TheCastleHunter"]
[Result "0-1"]
[WhiteElo "2518"]
[BlackElo "2362"]
[TimeControl "180+1"]
[EndTime "10:30:32 PDT"]
[Termination "TheCastleHunter won on time"]

1. e4 e6 2. d4 d5 3. Nc3 Nf6 4. Bg5 Be7 5. e5 Nfd7 6. h4 a6 7. Qg4 Kf8 8. Nf3 h6 9. Bf4 c5 10. O-O-O Nc6 11. Qg3 b5 12. Kb1 c4 13. Rh3 Rb8 14. Ne1 Qa5 15. Bc1 b4 16. Ne2 b3 17.
cxb3 cxb3 18. axb3 Nb4 19. Nc3 Nc6 20. Na2 Qb6 21. Nc2 a5 22. Be2 Nb4 23. Qf4 Ba6 24.
Bxa6 Qxa6 25. Rf3 f5 26. exf6 Bxf6 27. Naxb4 axb4 28. Qc7 Rd8 29. Bd2 Qc8 30. Bxb4+ Kg8 31. Qg3 Re8 32. Re1 Kh7 33. h5 Rhg8 34. Qg6+ Kh8 35. Bd2 Nf8 36. Qd3 Nh7 37. g4 Bg5 38.
Bxg5 Nxg5 39. Rfe3 Rgf8 40. Qe2 Qd7 41. Re5 Rf4 42. Qe3 Ref8 43. Nb4 Rxf2 44. Nd3 Qc7 45. Nxf2 Rf3 46. Qe2 Rxb3 47. Nd1 Ne4 48. Rxe4 dxe4 49. Qxe4 Rb6 50. Qc2 Rc6 51. Qd2 Qd6 52. Nc3 Rc8 53. d5 exd5 54. Qxd5 Qf6 55. Qd3 Rf8 56.
Qf5 Qd6 57. Qe4 Qg3 58. Rd1 Qc7 59. Qe2 Rb8 60. Rf1 Qb7 61. Rf2 Rg8 62. Qe4 Qc7 63. Rd2 Qg3 64. Nd5 Qg1+ 0-1

[Event "*** Titled Tuesday Blitz"]
[Site "Chess.com"]
[Date "2020.10.20"]
[Round "3"]
[White "enriquetejedor"]
[Black "GregShahade"]
[Result "1-0"]
[WhiteElo "2484"]
[BlackElo "2651"]
[TimeControl "180+1"]
[EndTime "10:30:33 PDT"]
[Termination "enriquetejedor won by checkmate"]

1. e4 e5 2. Nf3 Nc6 3. d4 exd4 4. Nxd4 Nf6 5. Nc3 Bb4 6. Nxc6 bxc6 7. Bd3 d5 8. exd5 O-O 9. O-O Bg4 10. f3 Bh5 11. dxc6 Qd4+ 12. Kh1 Bxc3 13. bxc3 Qxc3 14. Rb1 Bg6 15. Bb2 Qxc6 16. Bxg6 hxg6 17. Qd3 Rfd8 18. Qc3 Qxc3 19. Bxc3 Nd5 20. Bd2 Nb6 21. Bf4 Rd7 22. Rfd1 Rad8 23. Rxd7 Rxd7 24. Kg1 f6 25. Kf2 Kf7 26.
Be3 Rd5 27. Rb3 Ra5 28. a3 Ke6 29. Ke2 Ra4 30. Rc3 Nd5 31. Rb3 Nxe3 32. Rxe3+ Kd6 33. Kd2 c5 34. Rb3 g5 35. h3 Kd5 36. Rd3+ Kc6 37. Rb3 g6 38. Re3 Kd5 39. Rb3 Ke5 40. Kd1 Kf4 41.
g4 Kg3 42. Rc3 c4 43. Ke2 Kxh3 44. Kf2 f5 45. gxf5 gxf5 46. f4+ Kg4 47. fxg5 Kxg5 48. Kf3 a6 49. Kf2 Kf4 50. Rf3+ Ke4 51. Re3+ Kd4 52.
Rh3 f4 53. Ke2 Ke4 54. Rc3 Kd4 55. Rf3 Ke4 56. Rc3 Ke5 57. Rf3 Kf5 58. Rc3 Ke4 59.
Rf3 Ra5 60. Rc3 Rc5 61. Rh3 c3 62. Rh8 Re5 63. Rf8 a5 64. Kf2 Rd5 65. Re8+ Kd4 66.
Rc8 Rc5 67. Rf8 Ke4 68. Re8+ Re5 69. Rc8 Rh5 70. Rc4+ Ke5 71. Rc5+ Kd4 72. Rxh5 Kc4 73. Rxa5 f3 74. Rf5 Kd4 75. Rxf3 Kc4 76. Rd3 Kb5 77.
Ke3 Ka4 78. Rxc3 Ka5 79. Kd4 Ka4 80. Rg3 Ka5 81. Kd5 Ka4 82. c4 Ka5 83. c5 Ka4 84. c6 Ka5 85. c7 Ka4 86. c8=Q Ka5 87. Qb7 Ka4 88. Qb4# 1-0

[Event "*** Titled Tuesday Blitz"]
[Site "Chess.com"]
[Date "2020.10.20"]
[Round "3"]
[White "ENajer77"]
[Black "tptagain"]
[Result "1-0"]
[WhiteElo "2709"]
[BlackElo "2906"]
[TimeControl "180+1"]
[EndTime "10:30:35 PDT"]
[Termination "ENajer77 won on time"]

1. e4 g6 2. d4 Bg7 3. Nc3 c6 4. h3 d6 5. Be3 Nf6 6. g4 b5 7.
Bg2 b4 8. Nce2 a5 9. Ng3 Ba6 10. g5 Nfd7 11. h4 Nb6 12. b3 N8d7 13. h5 c5 14. h6 Bxd4 15. Bxd4 cxd4 16. Qxd4 Rg8 17. N1e2 Qc7 18. O-O Rc8 19. a3 Bxe2 20. Nxe2 Qxc2 21. Qe3 Qc5 22. Qd2 bxa3 23. Rfc1 Qb4 24. Rxc8+ Nxc8 25.
Qc1 Qc5 26. Rxa3 Qxc1+ 27. Nxc1 Ncb6 28. Rxa5 e6 29. Ne2 Ke7 30. Nd4 Rc8 31. Bf1 e5 32. Nb5 Rc1 33. Kg2 Rb1 34. Ra3 Nc5 35. f3 Rb2+ 36.
Kg3 Rxb3 37. Ra7+ Nbd7 38. Kf2 Rb2+ 39. Kg3 Rb3 40. Kf2 Nd3+ 41. Bxd3 Rxd3 42. Nc7 Rb3 43. Nd5+ Kd8 44. Ra8+ Rb8 45. Ra6 Ke8 46. Rxd6 Nc5 47.
Kg3 Ne6 48. Nf6+ Kf8 49. Kg4 Rb1 50. Nxh7+ Ke7 51. Rd5 Rg1+ 52. Kh4 Rh1+ 53. Kg4 Rg1+ 54. Kh4 Rh1+ 55. Kg3 Rg1+ 56. Kf2 Rh1 57. Rxe5 Kd6 58. Rd5+ Ke7 59. Re5 Kd6 60. Rd5+ Ke7 61. Ra5 Rh2+ 62. Kg3 Rh1 63. Kg2 Rh5 64. Ra7+ Kd6 65. Rxf7 Ke5 66. Nf6 Rxg5+ 67. Kh2 Nf4 68. h7 Rg2+ 69.
Kh1 Rg3 70. Ng4+ Kd4 71. h8=Q+ 1-0

[Event "*** Titled Tuesday Blitz"]
[Site "Chess.com"]
[Date "2020.10.20"]
[Round "3"]
[White "Euwe1234"]
[Black "Angel_Hranitel_37"]
[Result "0-1"]
[WhiteElo "2291"]
[BlackElo "2511"]
[TimeControl "180+1"]
[EndTime "10:30:38 PDT"]
[Termination "Angel_Hranitel_37 won by resignation"]

1. e4 c5 2. Nf3 e6 3. d4 cxd4 4. Nxd4 Nf6 5. Nc3 Nc6 6. Nxc6 bxc6 7. e5 Nd5 8. Ne4 Qc7 9. f4 Qb6 10. c4 Bb4+ 11. Ke2 f5 12. Nf2 Ba6 13. Kf3 Ne7 14. Be3 Bc5 15. Bxc5 Qxc5 16. Qd6 Qb6 17. b3 c5 18. Rd1 Bb7+ 19. Kg3 Qxd6 20. Rxd6 g5 21. fxg5 f4+ 22. Kxf4 Rf8+ 23. Ke3 Nf5+ 24. Ke2 Nxd6 25. exd6 a5 26. a4 Ra6 27. Nd3 Rxd6 28. Nxc5 Bc6 29. h4 Rf5 30. Nd3 e5 31. g4 Bf3+ 32. Ke3 Bxg4 33. Bg2 Bh5 34. Be4 Rf7 35. c5 Ra6 36. Rb1 Re7 37. b4 axb4 38. Rxb4 Bg6 39. Bd5 Kf8 40. Nf2 Re8 41. Ng4 d6 42. c6 Rc8 43. Nf6 Ra7 44. h5 Bf7 45. Ke4 Bxd5+ 46.
Kxd5 Ra5+ 47. Kxd6 Ra6 48. Rc4 e4 49. Nxe4 Rd8+ 50. Kc7 Re8 51. Nd6 Re7+ 52. Kb8 Rb6+ 53. Kc8 Ra6 54. Rf4+ Kg8 55. c7 Rxd6 56. Kb8 Rb6+ 57.
Ka7 Rc6 58. Rf6 Rexc7+ 59. Kb8 Rxf6 60. gxf6 Rc6 61. a5 Rxf6 62. Kb7 Kg7 63. a6 Rf1 64. a7 Ra1 65. a8=Q Rxa8 66. Kxa8 Kh6 67. Kb7 Kxh5 68. Kc6 Kg4 69. Kd5 h5 70. Ke4 Kg3 71.
Ke3 h4 72. Ke2 Kg2 0-1

[Event "*** Titled Tuesday Blitz"]
[Site "Chess.com"]
[Date "2020.10.20"]
[Round "3"]
[White "Skatchkov_V"]
[Black "ajedrezhoy"]
[Result "1-0"]
[WhiteElo "2536"]
[BlackElo "2231"]
[TimeControl "180+1"]
[EndTime "10:30:41 PDT"]
[Termination "Skatchkov_V won on time"]

1. d4 Nf6 2. c4 b6 3. Nf3 Bb7 4. g3 g6 5. Bg2 c5 6. d5 b5 7. O-O bxc4 8. Nc3 d6 9. e4 Nbd7 10.
Qa4 Bg7 11. Qxc4 O-O 12. h3 Qa5 13. Re1 Rab8 14. Qd3 Ba6 15. Qc2 Qb4 16. Rb1 Ne8 17.
Bd2 Nc7 18. b3 Nb5 19. Ne2 Na3 20. Qc1 Qxe4 21. Qxa3 Bxe2 22. Ba5 Qd3 23. Nh2 Qa6 24. Rbc1 Ne5 25. Rc2 Bd3 26. Rd2 Rb5 27. Bb4 Rxb4 28. Qc1 Bb5 29. Re3 Rd4 30. Rc2 Nd3 31. Qb1 Nb4 32.
Rc1 Qxa2 33. Rxe7 Qxb1 34. Rxb1 Nxd5 35. Rxa7 Bd3 36. Rd1 Nb4 37. Rd7 Bf5 38. Rxd6 Rxd1+ 39. Rxd1 Bc2 40. Rc1 Bb2 41. Re1 Bd4 42. Rc1 Bxb3 43. Nf3 Bd5 44. Nxd4 cxd4 45. Bf1 Rd8 46. Rd1 Be6 47.
Rd2 Nc6 48. f4 Kg7 49. Kf2 Ne7 50. Bg2 h5 51. Be4 Nf5 52. Rb2 d3 53. Rd2 Bc4 54. g4 Ne7 55. Ke3 hxg4 56. hxg4 f5 57. gxf5 Nxf5+ 58. Bxf5 gxf5 59. Rg2+ Kf6 60. Kd2 Bb5 61. Rh2 Rc8 62.
Rh6+ Kg7 63. Rb6 Rc2+ 64. Kd1 Rb2 65. Rb7+ Kf6 66. Kc1 Rb4 67. Kd2 1-0

[Event "*** Titled Tuesday Blitz"]
[Site "Chess.com"]
[Date "2020.10.20"]
[Round "3"]
[White "Chessalary"]
[Black "RestartingChess"]
[Result "0-1"]
[WhiteElo "2330"]
[BlackElo "2525"]
[TimeControl "180+1"]
[EndTime "10:30:42 PDT"]
[Termination "RestartingChess won by checkmate"]

1. d4 Nf6 2. c4 g6 3. Nc3 c5 4. d5 Bg7 5. e4 d6 6. f4 Bg4 7.
Nf3 Nbd7 8. Be2 a6 9. O-O Rb8 10.
Re1 h5 11. h3 Bxf3 12. Bxf3 h4 13. e5 dxe5 14. fxe5 Nh5 15. e6 fxe6 16. Rxe6 Bd4+ 17. Be3 Nf4 18. Bxd4 cxd4 19. Qxd4 Rf8 20. Rae1 Nxe6 21. Rxe6 Rf6 22. Ne4 Rxe6 23. dxe6 Nf6 24. Nxf6+ exf6 25. Qe4 Ke7 26. Qxg6 Qb6+ 27. Kh1 Qxe6 28. Qh7+ Kd6 29. Qxh4 Re8 30. Bxb7 Qe5 31. Bxa6 Qa5 32. Qd4+ Kc7 33. Qa7+ Kd6 34. Qd4+ Ke7 35. Bb5 Rd8 36. Qe4+ Kd6 37. c5+ Kxc5 38. Qc6+ Kd4 39. Qxf6+ Ke3 40. Qf3+ Kd2 41.
Qc3+ Qxc3 42. bxc3 Kxc3 43. a4 Kb4 44. Kh2 Kc5 45.
h4 Rh8 46. Kh3 Kd4 47. g4 Ke4 48. a5 Rb8 49. Bc6+ Kf4 50. h5 Rb3+ 51. Kh4 Rb2 52.
Kh3 Rb3+ 53. Kg2 Rb2+ 54. Kf1 Kxg4 55. h6 Rh2 56. Bd7+ Kf4 57. Kg1 Rxh6 58. Bb5 Rh5 59.
Be2 Rxa5 60. Kf2 Ra2 61. Ke1 Ke3 62. Bg4 Rg2 63. Bh3 Rg1+ 64. Bf1 Rh1 65. Kd1 Rxf1+ 66. Kc2 Rf5 67. Kb3 Rd5 68. Kb4 Rd4+ 69. Kc5 Ke4 70.
Kc6 Rd3 71. Kc5 Rd4 72. Kc6 Rd5 73. Kb6 Kd4 74. Kc6 Kc4 75. Kb6 Rc5 76. Kb7 Kd5 77.
Kb6 Kd6 78. Kb7 Rc6 79. Kb8 Rc7 80. Ka8 Kc6 81. Kb8 Kb6 82. Ka8 Rc8# 0-1

[Event "*** Titled Tuesday Blitz"]
[Site "Chess.com"]
[Date "2020.10.20"]
[Round "3"]
[White "VladaSviridova"]
[Black "Jungle_Jaguar"]
[Result "0-1"]
[WhiteElo "2251"]
[BlackElo "2598"]
[TimeControl "180+1"]
[EndTime "10:30:43 PDT"]
[Termination "Jungle_Jaguar won on time"]

1. d4 Nf6 2. c4 g6 3. Nc3 Bg7 4. e4 d6 5. Nf3 O-O 6. Be2 e6 7.
O-O b6 8. Be3 Bb7 9. Qc2 Nbd7 10. Rad1 Qe7 11. Rfe1 a6 12. h3 Rfe8 13. a3 e5 14. d5 Bc8 15. b4 Nh5 16. Nd2 Nf4 17. Bf1 Rf8 18. g3 Nh5 19. Kh2 f5 20. exf5 gxf5 21.
f4 e4 22. Be2 Qf7 23. Rg1 Kh8 24. Rdf1 Bh6 25. Bd4+ Ndf6 26. Nd1 Bd7 27. Qc3 Ng7 28. Ne3 Nfh5 29. Rf2 a5 30. b5 Rae8 31. a4 Re7 32.
Rff1 Rg8 33. Rf2 Rf8 34. Rgg2 Kg8 35. Rg1 Ne8 36. Rfg2 Bg7 37. Bxg7 Qxg7 38. Qxg7+ Nhxg7 39. Nb3 h5 40. Nd4 Kh7 41. h4 Kg6 42. Rf2 Nf6 43.
Rd1 Ree8 44. Kg2 Bc8 45. Rh1 Nd7 46. Bd1 Nc5 47. Bc2 Rf7 48. Rg1 Rg8 49. Kf1 Ne8 50. Rfg2 Nf6 51. Ke2 Bd7 52. Kf2 Re8 53. Ke2 Rfe7 54.
Rf1 Nd3 55. Rfg1 Nb2 56. Rb1 Nd3 57. Rd1 Ng4 58. Nxg4 fxg4 59. Ke3 Nc5 60. Re1 Bf5 61. Rf1 Nd3 62. Re2 Nb2 63. Rb1 Nxc4+ 64. Kf2 e3+ 65. Kg2 Bxc2 66. Nxc2 Re4 67. Rb3 Kf6 68. Rd3 Nb2 69.
Rdxe3 Rxe3 70. Rxe3 Rxe3 71. Nxe3 Nxa4 72. Nc4 Nc3 0-1

[Event "*** Titled Tuesday Blitz"]
[Site "Chess.com"]
[Date "2020.10.20"]
[Round "3"]
[White "Radzio1987"]
[Black "Kurai"]
[Result "0-1"]
[WhiteElo "2815"]
[BlackElo "2593"]
[TimeControl "180+1"]
[EndTime "10:30:49 PDT"]
[Termination "Kurai won by checkmate"]

1. c4 e6 2. Nc3 d5 3. d4 Nf6 4. cxd5 exd5 5. Bg5 c6 6. e3 Nbd7 7. Bd3 Be7 8. h3 O-O 9. Qc2 Re8 10. Bf4 Nf8 11. Nf3 Bd6 12. Bxd6 Qxd6 13. O-O-O a5 14. g4 b5 15. g5 N6d7 16. h4 a4 17. h5 Nb6 18. g6 fxg6 19. hxg6 h6 20. Ne5 Nc4 21.
Bxc4 bxc4 22. Nxa4 Rxe5 23. dxe5 Qxe5 24. Qc3 Qb8 25.
b3 Bf5 26. Rd4 Rxa4 27. e4 c5 28. Rxd5 Bxe4 29. Qe5 Qxe5 30. Rxe5 cxb3 31. Re1 bxa2 32. Kb2 Bxg6 33. Rxc5 Bb1 34. Ka1 Kh7 35. Rc7 Ng6 36.
Rd1 Rf4 37. Rdd7 h5 38. Rxg7+ Kh6 39. Rh7+ Kg5 40. Rc5+ Rf5 41. Rxf5+ Bxf5 42. Kxa2 h4 43. Kb2 h3 44. Rxh3 Bxh3 45. Kc3 Kf4 46. Kd4 Kf3 47. Kd5 Nf4+ 48. Kc5 Kxf2 49. Kd6 Kf3 50. Ke5 Ke3 51. Kd6 Ke4 52. Kc6 Bf5 53. Kc5 Kd3 54. Kd6 Kd4 55. Kc6 Be4+ 56. Kd6 Nd3 57. Ke6 Nc5+ 58. Kd6 Bf5 59. Kc6 Bg4 60. Kd6 Nb7+ 61. Kc6 Bf3+ 62.
Kb5 Kd5 63. Kb4 Nc5 64. Kc3 Be2 65. Kb4 Kd4 66. Ka5 Nd7 67. Kb4 Bc4 68. Ka3 Kc3 69. Ka4 Nf6 70. Ka5 Nd5 71. Ka4 Nb4 72. Ka5 Nd5 73.
Ka4 Kd4 74. Ka5 Kc5 75. Ka4 Nc7 76. Ka5 Nb5 77. Ka4 Nd6 78. Ka3 Kd4 79. Kb4 Nb5 80.
Ka5 Kc5 81. Ka6 Bd5 82. Ka5 Bb3 83. Ka6 Nd6 84. Ka5 Bc2 85. Ka6 Bd1 86. Ka5 Nb7+ 87. Ka6 Kc6 88. Ka7 Kc7 89. Ka6 Be2+ 90. Ka7 Nd6 91.
Ka8 Bd3 92. Ka7 Nc8+ 93. Ka8 Be4# 0-1

[Event "*** Titled Tuesday Blitz"]
[Site "Chess.com"]
[Date "2020.10.20"]
[Round "3"]
[White "Alexander_Zubov"]
[Black "1977Ivan"]
[Result "1-0"]
[WhiteElo "2917"]
[BlackElo "2683"]
[TimeControl "180+1"]
[EndTime "10:30:51 PDT"]
[Termination "Alexander_Zubov won by checkmate"]

1. d4 Nf6 2. Nf3 e6 3. c4 d5 4. Nc3 c6 5. e3 Nbd7 6. Qc2 a5 7. b3 a4 8. Nxa4 dxc4 9. bxc4 e5 10. Nc3 Bb4 11.
Bd2 O-O 12. Be2 Re8 13. O-O exd4 14. exd4 Nf8 15. h3 Ng6 16. Rfe1 h6 17. Bd3 Ne7 18. Ne4 Nxe4 19. Bxb4 Nf6 20. Re3 Be6 21. Rae1 Qd7 22.
Bc3 Nf5 23. Re5 Nd6 24. Bb4 b5 25. Bxd6 Qxd6 26. cxb5 cxb5 27. Bxb5 Red8 28. a4 Bd5 29. Nh4 Rac8 30. Qd2 Be6 31. Nf3 Qa3 32. R5e3 Qd6 33. Ra1 Bd5 34. a5 Rb8 35. Bf1 Ne4 36. Qe1 f5 37. a6 Ra8 38. Ne5 Ng5 39. Rc3 f4 40.
Rc5 Be4 41. Qc3 f3 42. h4 Ne6 43. Bc4 Kh8 44. Bxe6 Qxe6 45. Nxf3 Bxf3 46. Qxf3 Rxa6 47. Rxa6 Qxa6 48. Rd5 Qa1+ 49. Kh2 Re8 50. Rd7 Qa8 51. Qxa8 Rxa8 52. d5 Ra4 53. Kg3 Rd4 54. h5 Kg8 55. f4 Kf8 56. Kg4 Rd2 57. g3 Rd3 58. Kh4 Re3 59.
d6 Rd3 60. g4 Rd4 61. Kg3 Rd3+ 62. Kf2 Rd5 63. Ke3 Rd1 64. Ke4 Rd2 65. Kf5 Rd4 66.
Ke5 Rd2 67. Ra7 Re2+ 68. Kf5 Rd2 69. Ra8+ Kf7 70. Rd8 Rd5+ 71. Ke4 Rd1 72. g5 Ke6 73. gxh6 gxh6 74. Rh8 Re1+ 75. Kf3 Kxd6 76. Rxh6+ Ke7 77. Rg6 Kf7 78. Kg4 Rh1 79. Kg5 Rg1+ 80. Kf5 Rf1 81. Ra6 Rh1 82. Ra7+ Kg8 83. Kg6 Rg1+ 84. Kf6 Rf1 85. Ra8+ Kh7 86. f5 Kh6 87. Rh8# 1-0

[Event "*** Titled Tuesday Blitz"]
[Site "Chess.com"]
[Date "2020.10.20"]
[Round "3"]
[White "Sven_Tica"]
[Black "TigrVShlyape"]
[Result "1/2-1/2"]
[WhiteElo "2664"]
[BlackElo "2870"]
[TimeControl "180+1"]
[EndTime "10:30:51 PDT"]
[Termination "Game drawn by repetition"]

1. d4 Nf6 2. Nf3 d5 3. c4 c6 4. Qc2 g6 5. e3 Bg7 6. Bd3 O-O 7.
h3 b6 8. O-O Bb7 9. Nbd2 e6 10.
b3 Nbd7 11. Bb2 Re8 12. Rad1 c5 13. Rfe1 Rc8 14. Qb1 Qc7 15. e4 dxe4 16. Nxe4 Nxe4 17. Bxe4 Bxe4 18. Qxe4 a6 19. Qe2 cxd4 20. Nxd4 Qb7 21.
Rd2 Nc5 22. Red1 e5 23. Nc2 e4 24. Bxg7 Kxg7 25. Nb4 b5 26. Rd6 bxc4 27. Qxc4 Ne6 28. Nc6 e3 29. fxe3 Rc7 30. Qd5 h5 31. Qe5+ Kh7 32.
Nd4 Rce7 33. Nf3 Kg8 34. Qf6 Qa7 35. R1d3 Nc5 36. R3d4 Ne4 37. Rxe4 Rxe4 38. Rd8 Qxe3+ 39. Kh2 Rxd8 40. Qxd8+ Re8 41. Qd6 Qe6 42. Qf4 Rd8 43.
Qg5 Qd6+ 44. Kg1 Qc7 45. h4 Rd1+ 46. Kf2 Qb6+ 47. Kg3 Qd6+ 48. Kf2 Ra1 49. Qa5 Rc1 50. a4 Rc2+ 51. Kg1 Qg3 52. Ne1 Qe3+ 53. Kh2 Qd4 54.
Nxc2 Qxh4+ 55. Kg1 Qe4 56. Qd8+ Kh7 57. Qd2 h4 58.
Ne3 Qb1+ 59. Kf2 Qxb3 60. Qe2 Qe6 61. Qf3 Kg7 62. Qf4 Qe7 63. Qg4 Qf6+ 64. Kg1 a5 65. Kh2 Qe5+ 66. Kh3 Qxe3+ 67. Kxh4 Qe5 68. Qc4 Qh5+ 69. Kg3 Qe5+ 70. Kf2 g5 71. g3 Kg6 72. Kg2 f5 73. Qg8+ Kf6 74. Qh8+ Ke6 75. Qe8+ Kd5 76. Qb5+ Kd4 77. Qb2+ Ke4 78. Qe2+ Kd5 79. Qb5+ Kd4 80. Qb2+ Kd5 81. Qb5+ 1/2-1/2

[Event "*** Titled Tuesday Blitz"]
[Site "Chess.com"]
[Date "2020.10.20"]
[Round "3"]
[White "keepitcoming"]
[Black "IngOscarArdila"]
[Result "1/2-1/2"]
[WhiteElo "2624"]
[BlackElo "2192"]
[TimeControl "180+1"]
[EndTime "10:30:52 PDT"]
[Termination "Game drawn by repetition"]

1. d4 Nf6 2. c4 g6 3. Nc3 Bg7 4. e4 d6 5. f3 O-O 6. Nge2 e5 7. d5 c6 8. Be3 cxd5 9. cxd5 Nbd7 10. Ng3 a6 11. a4 Rb8 12. Be2 Nc5 13. b4 Ncd7 14. O-O h5 15. Bg5 Qb6+ 16. Rf2 Qxb4 17. Qd2 Nc5 18. Rb1 Qa5 19. Bc4 Bd7 20. Bb3 Rbc8 21.
Bc2 b5 22. axb5 axb5 23. Nxb5 Qa6 24. Nc3 Kh7 25. Kh1 Ng8 26. Rff1 Bh6 27. Bxh6 Nxh6 28. f4 Ng4 29. h3 exf4 30. Qxf4 Ne5 31. Qf6 Qc4 32. Nge2 Ncd3 33. Bxd3 Qxd3 34. Qxd6 Bxh3 35. Qxe5 Rxc3 36. Qxc3 Qxe2 37. Qxh3 Qxe4 38. d6 Qd5 39. Rbd1 Qa8 40. d7 Qd8 41. Qb3 Kg8 42. Rf3 Kg7 43.
Rdf1 Qh4+ 44. Kg1 Qd4+ 45. R1f2 Qxd7 46. Qc3+ Kg8 47. Qf6 Qd1+ 48. Rf1 Qd5 49. Rf4 Qc5+ 50. Kh2 Qd5 51. Qd4 Qe6 52. R4f3 Qe7 53. Rg3 Qe6 54. Qh4 Kg7 55. Qxh5 Rh8 56. Qxh8+ Kxh8 57. Rh3+ Kg7 58. Rg3 Qe5 59. Kh3 f5 60. Rgf3 Kf6 61.
g3 Qe2 62. R1f2 Qe5 63. Kg2 Qe8 64. Rf4 Qc6+ 65. R4f3 Qd5 66. Rf1 Qd2+ 67. R1f2 Qd5 68. Kg1 g5 69. Rf1 g4 70. R3f2 Kg5 71. Kh2 Qe4 72.
Kg1 Qe3 73. Kg2 Qe4+ 74. Kh2 Qe5 75. Kg2 Qe4+ 76. Kh2 Qe5 77. Kg1 Qe6 78. Rg2 Qe4 79. Rff2 f4 80. gxf4+ Kf5 81. Rg3 Qe1+ 82. Kg2 Qe4+ 83.
Kh2 Qe1 84. Kg2 Qe4+ 85. Kg1 Qe1+ 86. Kg2 1/2-1/2

[Event "*** Titled Tuesday Blitz"]
[Site "Chess.com"]
[Date "2020.10.20"]
[Round "3"]
[White "Ural_bogatyr"]
[Black "Yoshikrov"]
[Result "1-0"]
[WhiteElo "2380"]
[BlackElo "2120"]
[TimeControl "180+1"]
[EndTime "10:30:56 PDT"]
[Termination "Ural_bogatyr won by resignation"]

1. e4 c5 2. Nf3 d6 3. d4 cxd4 4. Qxd4 Nc6 5. Bb5 Bd7 6. Bxc6 Bxc6 7. Nc3 Nf6 8. Bg5 e6 9. O-O-O Be7 10. Qd3 a6 11.
Nd4 Qc7 12. f4 b5 13. e5 dxe5 14. fxe5 Nd5 15. Bxe7 Nxe7 16. Nxc6 Qxc6 17. Ne4 O-O 18. Nd6 Nc8 19. g4 Nxd6 20. exd6 Rfd8 21. Rhf1 Ra7 22.
Rf4 Rad7 23. Rd4 a5 24. g5 b4 25. h4 a4 26. Kb1 g6 27. h5 Qc5 28. Qg3 e5 29.
Rd5 Rxd6 30. c4 Rxd5 31. cxd5 Rc8 32. Qd3 a3 33. d6 axb2 34. Kxb2 Qc3+ 35. Qxc3 bxc3+ 36. Kc2 Kf8 37. hxg6 hxg6 38. Rd5 Ra8 39. Kxc3 Ke8 40.
Kb3 Kd7 41. a4 Ra6 42. Kb4 e4 43. Re5 Rxd6 44. Rxe4 Rb6+ 45. Kc5 Rb1 46. Rf4 Ke6 47.
a5 Rc1+ 48. Kb6 Rb1+ 49. Ka7 Ra1 50. a6 f5 51. gxf6 Kf7 52. Rb4 Kxf6 53. Kb7 Kf5 54. a7 g5 55. Kb6 g4 56. Rb5+ Kf4 57. Ra5 Rb1+ 58. Ka6 g3 59. a8=Q Re1 60. Qf8+ Kg4 61. Ra4+ Kh3 62. Ra3 Re6+ 63. Kb5 Re5+ 64. Kc6 Rg5 65.
Qh8+ Kg2 66. Ra2+ Kf3 67. Qh1+ g2 68. Ra3+ Kf2 69. Ra2+ Kf3 70. Qg1 Rg6+ 71. Kd5 Rg5+ 72. Ke6 Rg4 73. Rf2+ Ke4 74. Rxg2 Rf4 75. Qe1+ Kf3 76.
Rf2+ Kg4 77. Qg1+ Kh5 78. Rh2+ Rh4 79. Rxh4+ Kxh4 80. Kf5 1-0

[Event "*** Titled Tuesday Blitz"]
[Site "Chess.com"]
[Date "2020.10.20"]
[Round "3"]
[White "suyu28"]
[Black "Zhigalko_Sergei"]
[Result "1/2-1/2"]
[WhiteElo "2616"]
[BlackElo "2930"]
[TimeControl "180+1"]
[EndTime "10:31:08 PDT"]
[Termination "Game drawn - insufficient material"]

1. e4 c5 2. Nc3 Nc6 3. Bb5 Nd4 4. Bc4 e6 5. Nge2 Nf6 6. O-O a6 7. e5 d5 8. exd6 Bxd6 9. d3 b5 10. Bb3 Bb7 11. Nxd4 cxd4 12. Ne2 O-O 13. Bf4 Rc8 14. Bxd6 Qxd6 15. Qd2 Rc7 16. a4 b4 17. a5 Rfc8 18.
Ra4 Nd5 19. Re1 e5 20. Ng3 Bc6 21. Raa1 Nf4 22. Ne4 Qg6 23. g3 Nh3+ 24. Kg2 Nf4+ 25.
Kf1 Nd5 26. Qg5 Qe6 27. Qh4 h6 28. Nc5 Qf5 29. Kg1 Ba8 30. Ne4 Qf3 31. Nd2 Qf5 32.
Ne4 Qf3 33. Nd2 Qf6 34. Qxf6 Nxf6 35. Nc4 Ng4 36. Nxe5 Nf6 37. Nc4 h5 38. Re2 Bf3 39. Re5 Ng4 40. Ree1 g6 41. h3 Nf6 42. Re5 Nd7 43. Re7 Nc5 44. Rae1 Kf8 45. Rxc7 Rxc7 46. Kh2 Bd5 47. Re2 Kg7 48. Re5 Bxc4 49. Bxc4 Kf6 50. Rd5 Na4 51. Rxd4 Nxb2 52. Rd6+ Ke5 53. Rxa6 Nxc4 54. dxc4 Rxc4 55. Rb6 Rxc2 56. Kg2 Rb2 57. a6 Ra2 58. Rxb4 Rxa6 59. h4 Kf6 60. Rf4+ Kg7 61.
Kg1 Re6 62. Kg2 Re5 63. Kg1 Re6 64. Kg2 Rf6 65. Rxf6 Kxf6 66. Kf3 Kf5 67. Ke3 Kg4 68. Ke4 f6 69. Ke3 g5 70. hxg5 fxg5 71. Ke2 Kh3 72. Kf1 Kg4 73. Kg2 Kf5 74. f3 Ke5 75. Kf2 Kf5 76. Kg2 Ke5 77. Kf2 Kd4 78. f4 gxf4 79.
gxf4 Ke4 80. Kg3 Kf5 81. Kh4 Kxf4 82. Kxh5 1/2-1/2

[Event "*** Titled Tuesday Blitz"]
[Site "Chess.com"]
[Date "2020.10.20"]
[Round "3"]
[White "ShapkinAnatoliy"]
[Black "LiamVrolijk"]
[Result "1/2-1/2"]
[WhiteElo "2654"]
[BlackElo "2859"]
[TimeControl "180+1"]
[EndTime "10:31:15 PDT"]
[Termination "Game drawn - insufficient material"]

1. d4 Nf6 2. c4 e6 3. g3 c5 4. d5 exd5 5. cxd5 d6 6. Nc3 g6 7. Nf3 Bg7 8. Bg2 O-O 9. O-O Re8 10. Nd2 a6 11. a4 Nbd7 12. h3 Rb8 13. Nc4 Ne5 14.
Na3 Nh5 15. e4 Bd7 16. a5 b5 17. axb6 Bb5 18. Ncxb5 axb5 19. Nxb5 Qxb6 20. Na3 Qb3 21. g4 Nf6 22. Bf4 Nfd7 23. Bc1 Rb4 24. Qxb3 Rxb3 25. f4 Nd3 26. Nc4 Bf8 27. Ra6 Nb4 28. Ra7 Nf6 29. g5 Nxe4 30. Bxe4 Rxe4 31. Nd2 Rg3+ 32. Kh2 Ree3 33. Nc4 Rxh3+ 34. Kg2 Reg3+ 35. Kf2 Nd3+ 36. Ke2 Rg2+ 37. Kd1 Rhh2 38. Ne3 Nxb2+ 39. Bxb2 Rxb2 40. Kc1 Rbe2 41. Ra3 Kg7 42. f5 gxf5 43. Nxf5+ Kg6 44. Ng3 Rc2+ 45. Kd1 Rhd2+ 46. Ke1 Bg7 47. Re3 Rg2 48. Ne2 Bd4 49. Nf4+ Kxg5 50. Nxg2 Rxg2 51. Ref3 f6 52. Rf5+ Kg6 53. R5f3 Rg5 54.
Rh3 Rxd5 55. Rfh1 h5 56. Ke2 Rg5 57. Ra3 Be5 58. Ra8 c4 59. Rg8+ Kf5 60. Rf1+ Bf4 61. Rh8 d5 62. Rd8 Ke5 63. Kf3 Rg3+ 64. Kf2 h4 65.
Re1+ Kf5 66. Rxd5+ Be5 67. Rc1 c3 68. Rdd1 Kg4 69.
Rh1 h3 70. Ke2 f5 71. Rcg1 f4 72. Rf1 Rg2+ 73. Kd3 f3 74. Ke4 Bf6 75. Rxf3 Re2+ 76. Re3 Rxe3+ 77. Kxe3 Kg3 78. Ke2 Kg2 79. Rf1 Be5 80.
Rf2+ Kg3 81. Rf3+ Kg4 82. Rxc3 h2 83. Rc4+ Kg3 84. Rc1 Bd4 85. Rh1 Bg1 86. Rxh2 Bxh2 1/2-1/2

[Event "*** Titled Tuesday Blitz"]
[Site "Chess.com"]
[Date "2020.10.20"]
[Round "3"]
[White "TimofeevAr"]
[Black "dennisodessa"]
[Result "1/2-1/2"]
[WhiteElo "2786"]
[BlackElo "2428"]
[TimeControl "180+1"]
[EndTime "10:31:22 PDT"]
[Termination "Game drawn by stalemate"]

1. e4 e6 2. Qe2 c5 3. Nf3 Nc6 4. g3 d6 5. Bg2 g6 6. O-O Bg7 7. c3 Nge7 8. Rd1 O-O 9. d4 cxd4 10. cxd4 Qb6 11. d5 Nd4 12. Nxd4 Bxd4 13. Nc3 exd5 14.
Bg5 f6 15. Bh6 Re8 16. exd5 Bf5 17. Qd2 Be5 18. Be3 Qa5 19. f4 Bxc3 20. bxc3 Bg4 21. Re1 Nf5 22. Bf2 Nh6 23. Qd4 Kf7 24. h3 Bd7 25. g4 b6 26. Bh4 Ng8 27. Kh2 Qa4 28. Qd2 Rxe1 29. Rxe1 Re8 30. Rxe8 Bxe8 31. Bf2 Qc4 32. Kg1 Bb5 33. Qe3 Qe2 34. Qd4 Ne7 35.
a4 Bc4 36. g5 Ng8 37. h4 Qd3 38. f5 Qxd4 39. fxg6+ hxg6 40. Bxd4 fxg5 41. hxg5 Ne7 42. Kf2 Bxd5 43. Bf1 Nf5 44. Bf6 Ke6 45. Bb5 Ne7 46. Be8 Be4 47. Ke3 Bf5 48. Kd4 Bc2 49. Bb5 Nf5+ 50. Kc4 d5+ 51. Kb4 Nd6 52. Be2 Ne4 53. Bg4+ Kf7 54. Bd8 Nc5 55. a5 Bf5 56. Be2 Nd3+ 57.
Kb5 bxa5 58. Bxa5 Nf4 59. Bf3 Be4 60. Bd1 Ne6 61. c4 dxc4 62. Kxc4 Nxg5 63. Bd2 Ne6 64. Kb5 Bd3+ 65. Kb4 a6 66. Be3 Bb5 67. Bb3 Kf6 68.
Bxe6 Kxe6 69. Kc3 Kf5 70. Kb2 g5 71. Bxg5 Kxg5 72. Ka1 Kf4 73. Kb2 Ke4 74. Ka1 Kd3 75.
Kb2 Kc4 76. Ka1 Kb3 77. Kb1 a5 78. Ka1 a4 79. Kb1 Bd3+ 80. Ka1 Kb4 81. Ka2 Ka5 82. Ka1 Bc4 83. Kb2 Kb4 84. Ka1 a3 85. Kb1 Bd3+ 86. Ka1 Ka4 87. Ka2 Kb4 88. Ka1 Kb3 1/2-1/2